 Dungeon Crawl Stone Soup version 0.28.0-53-g5a82cb258f (webtiles) character file.

Game seed: 10249295251245773827

12159 cbfl8 the Cleaver (level 11, -4/102 HPs)
             Began as a Minotaur Berserker on Aug 7, 2022.
             Was a High Priest of Trog.
             Slain by a skeletal warrior
             ... wielding a +0 flail
              (14 damage)
             ... on level 12 of the Dungeon on Aug 8, 2022.
             The game lasted 00:28:45 (14079 turns).

cbfl8 the Cleaver (Minotaur Berserker)             Turns: 14079, Time: 00:28:46

Health: -4/102     AC: 18    Str: 22    XL:     11   Next: 58%
Magic:  10/10      EV: 10    Int:  4    God:    Trog [*****.]
Gold:   614        SH:  5    Dex: 14    Spells: 10/10 levels left

rFire   . . .      SeeInvis .   y - +5 battleaxe
rCold   . . .      Faith    .   (shield currently unavailable)
rNeg    . . .      Spirit   .   d - +0 plate armour
rPois   .          Reflect  +   (helmet restricted)
rElec   .          Harm     .   G - +0 cloak
rCorr   +          Rampage  .   a - +0 pair of gloves
Will    .....                   j - +0 pair of boots
Stlth   ..........              J - amulet of reflection
HPRegen 0.27/turn               D - ring of resist corrosion
MPRegen 0.12/turn               (no ring)

@: on berserk cooldown, slowed, very slow
A: horns 2, retaliatory headbutt
a: Renounce Religion, Berserk, Trog's Hand, Brothers in Arms


You were on level 12 of the Dungeon.
You worshipped Trog.
Trog was extremely pleased with you.
You visited 1 branch of the dungeon, and saw 12 of its levels.
You also visited: Sewer.

You collected 692 gold pieces.
You spent 78 gold pieces at shops.

Inventory:

Hand Weapons
 y - a +5 battleaxe (weapon)
 F - the +9 falchion of the Ageing Fool {venom, rPois MP+9}
   (You found it on level 9 of the Dungeon)

   It poisons the flesh of those it strikes.
   rPois:     It protects you from poison.
   MP:        It affects your magic capacity (+9).
 H - a +1 battleaxe
Missiles
 A - 2 throwing nets
Armour
 a - a +0 pair of gloves (worn)
 d - a +0 plate armour (worn)
 j - a +0 pair of boots (worn)
 G - a +0 cloak (worn)
Jewellery
 o - an amulet of the acrobat
 D - a ring of resist corrosion (left hand)
 I - an amulet of faith
 J - an amulet of reflection (around neck)
Wands
 l - a wand of flame (7)
 w - a wand of digging (4)
 L - a wand of paralysis (5) (quivered)
Scrolls
 b - 2 scrolls of immolation {unknown}
 e - 2 scrolls of fog
 f - 4 scrolls of fear
 i - 2 scrolls of enchant weapon
 n - 4 scrolls of vulnerability {unknown}
 q - 3 scrolls of amnesia {unknown}
 t - 2 scrolls of blinking {unknown}
 u - a scroll of brand weapon {unknown}
 v - a scroll of noise {unknown}
 x - a scroll of torment {unknown}
 B - a scroll of silence {unknown}
Potions
 c - a potion of experience {unknown}
 g - 2 potions of resistance
 h - a potion of haste {unknown}
 k - a potion of flight
 p - a potion of might {unknown}
 r - a potion of lignification {unknown}
 s - a potion of mutation {unknown}
 z - 2 potions of curing
 C - a potion of cancellation {unknown}
 E - a potion of degeneration {unknown}
 K - a potion of heal wounds


   Skills:
 * Level 11.0 Fighting
 + Level 13.2 Axes
 + Level 9.3 Armour
 * Level 8.2 Dodging
 + Level 1.0 Stealth
 + Level 0.2 Shields
 * Level 6.3 Evocations


You had 10 spell levels left.
You didn't know any spells.
Your spell library was empty.

Dungeon Overview and Level Annotations

Branches:
Dungeon (12/15)            Temple (0/1) D:4            Lair (0/6) D:8
    Orc (0/2) D:9           Sewer (visited)

Altars:
Nemelex Xobeh
Zin

Shops:
D:3 (   D:9 !

Annotations:
D:6 2 transporters


Innate Abilities, Weirdness & Mutations

You have a pair of horns on your head.
You reflexively headbutt those who attack you in melee.


Message History

You closely miss the skeletal warrior.
The skeletal warrior is almost destroyed.
The skeletal warrior hits you with a +0 war axe!
You open the skeletal warrior like a pillowcase!!!
You destroy the skeletal warrior!
Trog accepts your kill.
Your Fighting skill increases to level 11!
The skeletal warrior barely misses you.
Things that are here:
a +0 war axe; 10 gold pieces You slice the skeletal warrior!!
Your headbutt misses the skeletal warrior.
The skeletal warrior is moderately damaged.
The skeletal warrior hits you but does no damage.
You slice the skeletal warrior!!
The skeletal warrior is severely damaged.
You are no longer berserk.
You are exhausted.
You feel yourself slow down.
You closely miss the skeletal warrior.
The skeletal warrior is severely damaged.
The skeletal warrior hits you but does no damage.
The skeletal warrior hits you with a +0 flail!
You completely miss the skeletal warrior.
The skeletal warrior is severely damaged.
The skeletal warrior hits you with a +0 flail.
You slash the skeletal warrior!
Your headbutt misses the skeletal warrior.
The skeletal warrior is almost destroyed.
The skeletal warrior hits you with a +0 flail!!
The skeletal warrior hits you with a +0 war axe.
The skeletal warrior hits you from afar with a +0 glaive.
* * * LOW HITPOINT WARNING * * *
You block the skeletal warrior's attack.
The skeletal warrior hits you with a +0 war axe.
* * * LOW HITPOINT WARNING * * *
The skeletal warrior hits you from afar with a +0 glaive!
* * * LOW HITPOINT WARNING * * *
The skeletal warrior hits you with a +0 flail!
You die...

........#.....# #....#
........#.....# #....#
........#....## #....#
........#....#######<...#
.......)#..........#....#
....#####....##....#....#
z...#..##....##....#....#
....#...........zz.#....#
....#.........z.@).#....#
....#######'########...(#
......z.................#
........................#######
####..........:...............#
#.................^........#
+..........#####...........#
#..........# ######......#
############ ########


You could see 3 skeletal warriors.

Vanquished Creatures
  Snorg (D:11)
  A two-headed ogre (D:11)
  Erica (D:10)
  A skeletal warrior (D:12)
  A cyclops (D:11)
  A manticore (D:12)
  Joseph (D:8)
  A kobold demonologist (D:8)
  Maggie (D:9)
  2 tengu conjurers (D:10)
  A wyvern (D:8)
  12 yaks
  2 basilisks (D:8)
  2 steam dragons
  2 vampire mosquitoes (D:10)
  An acid dragon (D:9)
  A water moccasin (D:7)
  7 orc warriors
  A hornet zombie (D:8)
  3 centaurs
  2 ogres
  5 kobold brigands
  Blork the orc (D:5)
  A gnoll sergeant (D:8)
  A bullfrog (D:6)
  A wyvern zombie (D:7)
  A scorpion (D:6)
  8 killer bees
  11 wights
  3 howler monkeys (D:8)
  3 electric eels (D:9)
  A bullfrog zombie (D:5)
  4 centaur zombies
  A gnoll shaman (D:8)
  2 hounds
  2 jellies
  5 orc priests
  3 bullfrog skeletons
  2 centaur skeletons (D:7)
  3 iguanas
  15 orc wizards
  Ijyb (D:5)
  A hound skeleton (D:4)
  A howler monkey zombie (D:9)
  15 gnolls
  A river rat (Sewer)
  11 adders
  2 white imps (D:7)
  An ufetubus (D:5)
  An adder skeleton (D:5)
  A dart slug (D:1)
  38 orcs
  6 ball pythons
  3 bats
  5 endoplasms
  3 giant cockroaches
  4 goblins
  6 hobgoblins
  4 jackals
  17 kobolds
  4 quokkas
  10 frilled lizards
  12 rats
265 creatures vanquished.

Vanquished Creatures (others)
  3 fungi
  21 plants (Sewer)
24 creatures vanquished.

Grand Total: 289 creatures vanquished

Notes
Turn   | Place    | Note
-------+----------+-------------------------------------------
     0 | D:1      | cbfl8 the Minotaur Berserker began the quest for the Orb.
     0 | D:1      | Reached XP level 1. HP: 19/19 MP: 0/0
   111 | D:1      | Reached skill level 4 in Axes
   111 | D:1      | Reached XP level 2. HP: 25/27 MP: 1/1
   811 | D:2      | Reached XP level 3. HP: 33/33 MP: 2/2
  1443 | D:3      | Found a faded altar of an unknown god.
  1554 | D:3      | Reached XP level 4. HP: 35/41 MP: 3/3
  1676 | D:3      | Reached ** piety under Trog
  1677 | D:3      | Reached skill level 5 in Axes
  1998 | D:3      | Reached XP level 5. HP: 47/47 MP: 4/4
  2114 | D:3      | Found Himpuettu's Antique Weapon Boutique.
  2868 | D:4      | Reached skill level 1 in Evocations
  3243 | D:4      | Reached skill level 5 in Fighting
  3459 | D:4      | Found a staircase to the Ecumenical Temple.
  3520 | D:5      | Entered Level 5 of the Dungeon
  3538 | D:5      | Reached XP level 6. HP: 48/56 MP: 5/5
  3572 | D:5      | Noticed Blork the orc
  3576 | D:5      | Noticed Ijyb
  3580 | D:5      | Reached skill level 6 in Axes
  3583 | D:5      | Killed Blork the orc
  3589 | D:5      | Killed Ijyb
  3650 | D:5      | Found a glowing drain.
  3659 | Sewer    | Entered a sewer
  4011 | Sewer    | Reached XP level 7. HP: 62/62 MP: 6/6
  4420 | Sewer    | Reached skill level 7 in Axes
  4592 | Sewer    | Reached *** piety under Trog
  5596 | D:6      | Reached XP level 8. HP: 71/71 MP: 7/7
  5621 | D:6      | Reached skill level 5 in Armour
  5663 | D:6      | Found a transporter.
  5742 | D:6      | Found a transporter.
  5791 | D:6      | Reached skill level 1 in Stealth
  6103 | D:7      | Reached skill level 8 in Axes
  6550 | D:7      | Reached skill level 5 in Dodging
  6864 | D:7      | Reached XP level 9. HP: 79/79 MP: 8/8
  6869 | D:7      | Reached **** piety under Trog
  7170 | D:8      | Reached skill level 9 in Axes
  7556 | D:8      | Found a staircase to the Lair.
  7734 | D:8      | Noticed Joseph
  7763 | D:8      | Killed Joseph
  7764 | D:8      | Reached skill level 10 in Axes
  8039 | D:8      | Found a sparkling altar of Nemelex Xobeh.
  8436 | D:8      | Reached XP level 10. HP: 51/91 MP: 9/9
  9336 | D:8      | Reached skill level 11 in Axes
  9400 | D:9      | Found Yraagocae's Distillery.
  9405 | D:9      | Bought a potion of curing for 39 gold pieces
  9405 | D:9      | Bought a potion of flight for 39 gold pieces
  9581 | D:9      | Noticed Maggie
  9588 | D:9      | Killed Maggie
  9798 | D:9      | Reached skill level 5 in Evocations
  9807 | D:9      | Reached ***** piety under Trog
 10097 | D:9      | Identified the +9 falchion of the Ageing Fool {venom, rPois
                  | MP+9}
 10133 | D:9      | Noticed a molten gargoyle
 10134 | D:9      | Noticed a molten gargoyle
 10135 | D:9      | Noticed a molten gargoyle
 10674 | D:9      | Found a staircase to the Orcish Mines.
 11106 | D:10     | Entered Level 10 of the Dungeon
 11235 | D:10     | Noticed Erica
 11253 | D:10     | Killed Erica
 11475 | D:10     | Reached skill level 12 in Axes
 11477 | D:10     | Reached skill level 10 in Fighting
 11613 | D:10     | Identified the +1 robe of the Saviour {rPois rF+ Dex-4}
 11715 | D:10     | Reached XP level 11. HP: 88/100 MP: 10/10
 11972 | D:10     | Received a gift from Trog
 12239 | D:10     | Found a glowing silver altar of Zin.
 12534 | D:11     | Noticed Snorg
 12545 | D:11     | Killed Snorg
 13006 | D:11     | Noticed a two-headed ogre
 13015 | D:11     | Killed a two-headed ogre
 13185 | D:11     | Reached skill level 13 in Axes
 13736 | D:12     | Noticed a skeletal warrior
 13739 | D:12     | Noticed a skeletal warrior
 13830 | D:12     | Noticed a skeletal warrior
 13839 | D:12     | Noticed a skeletal warrior
 13839 | D:12     | Noticed a skeletal warrior
 14072 | D:12     | Killed a skeletal warrior
 14079 | D:12     | Slain by a skeletal warrior

Illustrated notes

Levels and vault maps discovered:
D:1:      lordsloth_arrival_two_stooges, layout_rooms, grunt_decor_resistance,
          minmay_misc_feat_tower, minmay_pentomino_u4
D:2:      layout_loops_ring
D:3:      layout_basic, serial_shops, shop, dreamdust_ecumenical_altar_grove,
          grunt_ministairs_13
D:4:      layout_gridville, minmay_temple_entry_from_below_a,
          serial_bayou_pond_e, feat_on_display
D:5:      layout_cave_pools, portal_sewer_entry_d, uniq_blork_the_orc, uniq_ijyb
D:6:      gammafunk_steamed_eel, layout_rooms
D:7:      layout_loops_ring
D:8:      layout_basic, nemelex_diamond_rough_becter, david_lair_generic,
          minmay_small_thing, uniq_joseph
D:9:      layout_basic, erik_orc_2, nicolae_stop_n_shop_1, minivault_8,
          uniq_maggie
D:10:     layout_basic, mainiacjoe_overflow_24_doors, minmay_misc_feat_plants,
          uniq_erica
D:11:     layout_big_octagon, chequers_serial_rivers_large_b, uniq_snorg
D:12:     layout_gridville, uniq_urug

Skill      XL: |  1  2  3  4  5  6  7  8  9 10 11 |
---------------+----------------------------------+-----
Axes           | 4 5 6 7 8 10 12 13 | 13.2
Fighting       | 4 5 6 7 9 10 11 | 11.0
Evocations     | 1 2 3 4 5 6 |  6.3
Armour         | 3 4 6 7 8 9 |  9.3
Dodging        | 3 4 5 6 7 8 |  8.2
Stealth        | 1 |  1.0
Shields        | |  0.2

Action                   |  1- 3 |  4- 6 |  7- 9 | 10-12 || total
-------------------------+-------+-------+-------+-------++-------
Melee: Hand axe          |    40 |       |       |       ||    40
       Headbutt          |     7 |    18 |    54 |    30 ||   109
       Punch             |     1 |     1 |     3 |       ||     5
       War axe           |    22 |   111 |   211 |       ||   344
       Battleaxe         |       |       |    84 |   172 ||   256
Invok: Berserk           |       |     3 |     5 |     6 ||    14
Evoke: Wand              |       |       |       |    12 ||    12
  Use: Scroll            |     1 |     4 |     2 |     5 ||    12
       Potion            |       |     2 |       |       ||     2
 Stab: Sleeping          |     1 |       |       |       ||     1
Armor: Animal skin       |    10 |       |       |       ||    10
       Chain mail        |    14 |    41 |       |       ||    55
       Plate armour      |       |    55 |   165 |   110 ||   330
Dodge: Dodged            |    19 |    66 |   105 |   104 ||   294
Block: Other             |       |       |       |    10 ||    10
       Reflection        |       |       |       |     2 ||     2
